 Dungeon Crawl Stone Soup version 0.28-a0-1485-g077359a4bf (webtiles) character file.

Game seed: 8936957857062797872

175 kae the Changer (level 5, 0/48 HPs)
             Began as a Draconian Transmuter on Jan 11, 2022.
             Slain by Grinder (5 damage)
             ... on level 3 of the Dungeon.
             The game lasted 00:01:31 (3710 turns).

kae the Changer (Draconian Transmuter)              Turns: 3710, Time: 00:01:32

Health: 0/48       AC:  6    Str: 12    XL:     5   Next: 29%
Magic:  8/9        EV: 10    Int: 16    God:
Gold:   32         SH:  0    Dex: 11    Spells: 2/10 levels left

rFire   x . .      SeeInvis .     - Unarmed
rCold   + + +      Faith    .   (shield currently unavailable)
rNeg    . . .      Spirit   .   (armour unavailable)
rPois   +          Reflect  .   (helmet currently unavailable)
rElec   .          Harm     .   (cloak currently unavailable)
rCorr   .          Rampage  .   (gloves currently unavailable)
Will    .....                   (boots currently unavailable)
Stlth   +.........              (no amulet)
HPRegen 0.16/turn               (no ring)
MPRegen 0.11/turn               (no ring)

@: ice-form (expiring)
A: freezing attack, amphibious, boosted hp, AC +5, large, unfitting armour,
(cold-blooded)
a: End Transformation


You were on level 3 of the Dungeon.
You were a creature of crystalline ice.
You visited 1 branch of the dungeon, and saw 3 of its levels.

You collected 86 gold pieces.
You spent 54 gold pieces at shops.

Inventory:

Potions
 a - a potion of resistance {unknown}
 b - a potion of curing
 c - a potion of brilliance {unknown}
 e - 2 potions of heal wounds {unknown}


   Skills:
 - Level 1.1 Fighting
 - Level 1.7 Dodging
 - Level 3.0 Unarmed Combat
 + Level 3.0 Spellcasting
 * Level 4.2 Transmutations
 * Level 1.6 Ice Magic
 - Level 1.0 Poison Magic


You had 2 spell levels left.
You knew the following spells:

 Your Spells              Type           Power      Damage    Failure   Level
a - Beastly Appendage     Tmut           32%        N/A       3%          1
b - Spider Form           Tmut/Pois      10%        N/A       19%         3
c - Ice Form              Ice/Tmut       11%        N/A       50%         4

Your spell library contained the following spells:

 Spells                   Type           Power      Damage    Failure   Level
 Wereblood                Tmut           16%        N/A       4%          2


Dungeon Overview and Level Annotations

Branches:
Dungeon (3/15)

Altars:

Shops:
D:2 *

Annotations:
D:3 Grinder


Innate Abilities, Weirdness & Mutations

You are a creature of crystalline ice.
You have a powerful freezing melee attack.
You are amphibious.
Your maximum health is increased.
Your armour is entirely melded.
You are incapable of wielding weapons or throwing items.
((Your plain brown scales are hard. (AC +5)))
You cannot fit into any form of body armour.
((You are cold-blooded and may be slowed by cold attacks.))


Message History

Grinder is nearby!
Grinder blinks!
You aren't carrying any items that you can evoke.
Unknown command.
You start resting.
Grinder is nearby!
Grinder blinks!
You start resting.
Grinder is nearby!
Grinder zaps a wand.
The puff of flame misses you. Grinder hits you but does no damage.
You punch Grinder!
Grinder is lightly wounded.
Your transformation is almost over.
Grinder zaps a wand.
The puff of flame hits you! The fire burns you terribly!
You barely miss Grinder.
Grinder is lightly wounded.
Grinder hits you.
You writhe in agony.
You punch Grinder!
Grinder is heavily wounded.
Grinder hits you.
You writhe in agony.
You hit Grinder.
Grinder is heavily wounded.
Grinder hits you.
You writhe in agony.
You punch Grinder!
Grinder is severely wounded.
Grinder hits you.
* * * LOW HITPOINT WARNING * * *
You writhe in agony.
* * * LOW HITPOINT WARNING * * *
You closely miss Grinder.
Grinder is severely wounded.
Grinder closely misses you.
You hit Grinder but do no damage.
Grinder is severely wounded.
Grinder says, "I used to sell toenails on the black market."
Grinder hits you.
* * * LOW HITPOINT WARNING * * *
You writhe in agony.
You die...

*.......#.............#.#*
*.....................#.##
*............)...†.......#
*...........###).........#
*........##..(#...........
*........####.....†.......
*....>...## ###..).....#.,
*.........#####........#>,
*........Y<............#,,
*.......5#######..........
*.........,,,.............
*.........,,.............[
*#########.,.......#......
*,.,.......##.....
**####.#....,:....
*,,,,*,*,**,,*,,,,
*,**,*,*,,,,,**,,,


You could see Grinder.

Vanquished Creatures
  Natasha (thrice) (D:2)
  Robin (D:2)
  3 adders
  An adder skeleton (D:2)
  A worm (D:2)
  A dart slug (D:2)
  4 ball pythons
  6 bats
  3 endoplasms
  16 goblins
  7 hobgoblins
  A quokka (D:2)
  2 frilled lizards
  2 kobolds
  2 rats (D:1)
53 creatures vanquished.

Notes
Turn   | Place    | Note
-------+----------+-------------------------------------------
     0 | D:1      | kae the Draconian Transmuter began the quest for the Orb.
     0 | D:1      | Reached XP level 1. HP: 16/16 MP: 3/3
   227 | D:1      | Found a faded altar of an unknown god.
   311 | D:1      | Reached XP level 2. HP: 23/23 MP: 5/5
  1022 | D:1      | Reached skill level 3 in Transmutations
  1269 | D:2      | Reached XP level 3. HP: 9/28 MP: 4/6
  1273 | D:2      | Learned a level 3 spell: Spider Form
  1754 | D:2      | Found Qeledi's Assorted Antiques.
  1762 | D:2      | Bought a viscous black potion for 27 gold pieces
  1762 | D:2      | Bought a red potion for 27 gold pieces
  1981 | D:2      | Noticed Robin
  2009 | D:2      | Killed Robin
  2010 | D:2      | Reached skill level 1 in Poison Magic
  2015 | D:2      | Reached XP level 4. HP: 17/35 MP: 2/8
  2351 | D:2      | Learned a level 4 spell: Ice Form
  2510 | D:2      | Noticed Natasha
  2517 | D:2      | Killed Natasha
  2622 | D:2      | Noticed Natasha
  2629 | D:2      | Killed Natasha
  2630 | D:2      | Reached skill level 4 in Transmutations
  2630 | D:2      | Reached skill level 1 in Ice Magic
  2840 | D:2      | Found Qeledi's Assorted Antiques.
  2844 | D:2      | Noticed Natasha
  2851 | D:2      | Killed Natasha
  2852 | D:2      | Reached XP level 5. HP: 36/40 MP: 5/9
  3371 | D:3      | Noticed Grinder
  3388 | D:3      | Paralysed by Grinder for 7 turns
  3710 | D:3      | Slain by Grinder

Illustrated notes

Levels and vault maps discovered:
D:1:      minmay_arrival_plants_in_alcoves, layout_loops_ring,
          shapermc_ecumenical_altar_totnotflames
D:2:      layout_loops_ring, serial_shops, shop, uniq_natasha, uniq_robin
D:3:      layout_rooms, nzn_overflow_gifts_of_might_and_magic,
          mainiacjoe_overflow_swirl, old_standard_altar, nrook_mini_backslash,
          patterned_corridor, uniq_terence, uniq_crazy_yiuf_cottage,
          uniq_grinder

Skill      XL: |  1  2  3  4 |
---------------+-------------+-----
Transmutations | 3 4 |  4.2
Poison Magic   | 1 |  1.0
Ice Magic      | 1 |  1.6
Spellcasting   | 3 |  3.0
Fighting       | |  1.1
Dodging        | |  1.7
Unarmed Combat | |  3.0

Action                   |  1- 3 |  4- 6 || total
-------------------------+-------+-------++-------
Melee: Unarmed           |   109 |    48 ||   157
       Kick              |    13 |     7 ||    20
       Headbutt          |     6 |     5 ||    11
       Tailslap          |     5 |     2 ||     7
       Punch             |     1 |       ||     1
 Cast: Beastly Appendage |    23 |     3 ||    26
       Spider Form       |     2 |     3 ||     5
       Ice Form          |       |     1 ||     1
  Use: Scroll            |     2 |     1 ||     3
Armor: Skin              |    37 |     7 ||    44
Dodge: Dodged            |    89 |    29 ||   118

Table legend: (Time is in decaauts)
 A = Elapsed time spent in this place.
 B = Non-inter-level travel time spent in this place.
 C = Inter-level travel time spent in this place.
 D = Time resting spent in this place.
 E = Time spent auto-exploring this place.
 F = Levels seen in this place.
 G = Mean time per level.
                   A        B        C        D        E       F      G
               +--------+--------+--------+--------+--------+-----+--------+
         Total |   3714 |   3611 |    103 |    298 |   2906 |   3 | 1238.0 |
       Dungeon |   3714 |   3611 |    103 |    298 |   2906 |   3 | 1238.0 |
               +--------+--------+--------+--------+--------+-----+--------+

Top non-repeatable levels by time:
     D:2: 2426 daAuts
     D:1: 1206 daAuts
     D:3: 81 daAuts
